[Event "Titled Tuesday Blitz June 21 Late 2022"]
[White "So, Wesley"]
[Black "Chigaev, Maksim"]
[WhiteFideId "5202213"]
[BlackFideId "4108116"]
[WhiteElo "2742"]
[BlackElo "2457"]
[Result "1-0"]
[Round "04"]
[TimeControl "180+1"]
[Date "2022.06.21"]
[WhiteClock "0:00:06"]
[BlackClock "0:00:05"]

1. e4 c5 2. Nf3 d6 3. Bb5+ Nd7 4. a4 Nf6 5. Nc3 a6 6. Be2 e6 7. a5 Be7 8. O-O O-O 9. d4 cxd4 10. Qxd4 b5 11. axb6 Nxb6 12. Rd1 Bb7 13. Be3 Nfd7 14. Nd2 Qc7 15. Nb3 Rfb8 16. Na5 Bc8 17. Ra2 Ne5 18. h3 Bd7 19. Qd2 Nbc4 20. Nxc4 Nxc4 21. Bxc4 Qxc4 22. b3 Qb4 23. Bd4 Bc6 24. f3 h6 25. Na4 Qxd2 26. Rxd2 a5 27. Rd1 Ra6 28. Rda1 e5 29. Bb2 d5 30. exd5 Bxd5 31. Bxe5 Rc8 32. Bd4 Bf8 33. Nb6 Rd8 34. Be3 Be6 35. Rxa5 Rxa5 36. Rxa5 Bb4 37. Ra8 Rxa8 38. Nxa8 Bf5 39. c4 Bc2 40. Kf2 Bxb3 41. c5 Ba5 42. Nb6 Bxb6 43. cxb6 Bd5 44. Ke2 Kf8 45. Bc5+ Ke8 46. Kd3 g6 47. Kd4 Bb7 48. Ke5 Kd7 49. Kf6 Bd5 50. Ke5 Bc6 51. Kf6 Bd5 52. h4 h5 53. Be3 Kc6 54. Kg5 Kb7 55. Kf4 Be6 56. g4 Bd5 57. Kg3 Be6 58. Bf2 Bd5 59. Kf4 Be6 60. gxh5 gxh5 61. Kg5 Bd5 62. Kxh5 Bxf3+ 63. Kg5 Kc6 64. h5 Be4 65. h6 1-0


[Site "https://www.chess.com"]

[Event "Titled Tuesday Blitz June 21 Late 2022"]
[White "Sorensen, Hampus"]
[Black "Yuan, Qingyu"]
[WhiteFideId "8703884"]
[BlackFideId "8609772"]
[WhiteElo "2262"]
[BlackElo "2359"]
[Result "0-1"]
[Round "04"]
[TimeControl "180+1"]
[Date "2022.06.21"]
[WhiteClock "0:00:01"]
[BlackClock "0:00:05"]

1. c4 e6 2. g3 d5 3. Bg2 Nf6 4. Nf3 dxc4 5. O-O a6 6. Qc2 b5 7. b3 cxb3 8. axb3 Bb7 9. Bb2 Nbd7 10. Rc1 Bd6 11. d3 O-O 12. e4 e5 13. Nc3 Re8 14. d4 exd4 15. Nxd4 c5 16. Nf5 Bf8 17. Nd5 Nxd5 18. exd5 Qg5 19. h4 Qg4 20. Re1 c4 21. bxc4 Qxc4 22. Qd2 Qg4 23. Ne3 Bb4 24. Qc1 Qg6 25. Re2 Rac8 26. Qd1 Bc3 27. Bxc3 Rxc3 28. Qd4 Rd3 29. Qa7 Qb6 30. Qxb6 Nxb6 31. Rc1 g6 32. Kf1 Rd4 33. Rc7 Bxd5 34. Rd7 Bxg2+ 35. Nxg2 Nxd7 36. Rxe8+ Kg7 37. Ra8 Rd6 38. Ne3 b4 39. Ke2 Rb6 40. Nc4 Rc6 41. Na5 Rb6 42. Nc4 Re6+ 43. Kd2 Nc5 44. Rb8 Ne4+ 45. Kc2 Nxf2 46. Rxb4 Re4 47. Kc3 Rg4 48. Ra4 Rxg3+ 49. Kd2 Ne4+ 50. Ke2 Nc3+ 0-1


[Site "https://www.chess.com"]

[Event "Titled Tuesday Blitz June 21 Late 2022"]
[White "Souleidis, Georgios"]
[Black "Melaugh, Shane"]
[WhiteFideId "4206827"]
[BlackFideId "2509580"]
[WhiteElo "2401"]
[BlackElo "1972"]
[Result "0-1"]
[Round "04"]
[TimeControl "180+1"]
[Date "2022.06.22"]
[WhiteClock "0:00:01"]
[BlackClock "0:00:32"]

1. e4 e6 2. d4 d5 3. exd5 exd5 4. Nf3 c6 5. Bd3 Bd6 6. c3 Ne7 7. Qc2 Bg4 8. Nbd2 Nd7 9. h3 Bh5 10. a4 Nf6 11. O-O O-O 12. Re1 Bg6 13. Ne5 Bxd3 14. Qxd3 Ng6 15. Nxg6 hxg6 16. Nf3 Ne4 17. c4 Re8 18. c5 Bc7 19. b4 Qf6 20. Ra2 Re6 21. Rae2 Rae8 22. Bb2 g5 23. Ne5 Bxe5 24. dxe5 Qg6 25. g4 a5 26. f3 Ng3 27. Rd2 Qh6 28. Kg2 Qh4 29. Rdd1 Rh6 30. Rh1 Nxh1 31. Rxh1 Rhe6 32. bxa5 Ra8 33. Bc3 f6 34. Qf5 Rae8 35. Re1 Qh7 36. Qxh7+ Kxh7 0-1


[Site "https://www.chess.com"]

[Event "Titled Tuesday Blitz June 21 Late 2022"]
[White "Stanisz, Patryk"]
[Black "Burke, Paul"]
[WhiteFideId "1123106"]
[BlackFideId "2605767"]
[WhiteElo "1833"]
[BlackElo "2008"]
[Result "1-0"]
[Round "04"]
[TimeControl "180+1"]
[Date "2022.06.22"]
[WhiteClock "0:00:59"]
[BlackClock "0:01:03"]

1. Nf3 a6 2. g3 d6 3. Bg2 g6 4. O-O Nd7 5. c4 Bg7 6. Nc3 h6 7. b3 e6 8. Bb2 Ne7 9. Qc2 e5 10. Rad1 f5 11. d3 O-O 12. e3 Nf6 13. Nd2 c6 14. b4 Ng4 15. Nb3 f4 16. exf4 exf4 17. Rfe1 f3 18. Bh3 h5 19. Ne4 Ne5 20. Bf1 Qc7 21. Ng5 Bf5 22. Nd4 Qd7 23. h4 Rae8 24. Nxf5 Qxf5 25. Bh3 Qf6 26. Ne4 Qf7 27. Nxd6 Qf6 28. Bxe5 Qxe5 29. Rxe5 Bxe5 30. Nxe8 Rxe8 31. Re1 Nf5 32. Bxf5 gxf5 33. d4 1-0


[Site "https://www.chess.com"]

[Event "Titled Tuesday Blitz June 21 Late 2022"]
[White "Sturt, Raven"]
[Black "Altman, Joshua"]
[WhiteFideId "2007304"]
[BlackFideId "426210"]
[WhiteElo "2398"]
[BlackElo "1945"]
[Result "1-0"]
[Round "04"]
[TimeControl "180+1"]
[Date "2022.06.22"]
[WhiteClock "0:01:01"]
[BlackClock "0:00:09"]

1. e4 e6 2. d4 d5 3. Nc3 Nf6 4. e5 Nfd7 5. f4 c5 6. Nf3 Nc6 7. Be3 a6 8. Qd2 b5 9. a3 Qa5 10. Ra2 Qc7 11. Be2 Be7 12. O-O O-O 13. Bd3 cxd4 14. Nxd4 Nxd4 15. Bxd4 Bc5 16. Ne2 Bxd4+ 17. Nxd4 Nc5 18. c3 f6 19. Re1 Bd7 20. b4 Na4 21. Rc2 Nb6 22. Qe3 Rae8 23. Qh3 g6 24. g3 Nc4 25. Bxc4 Qxc4 26. Qf1 Rc8 27. Qxc4 Rxc4 28. Kf2 fxe5 29. Rxe5 Rfc8 30. Ne2 d4 31. Rd2 dxc3 32. Rxd7 c2 33. Nc1 Rc3 34. Ke2 Rxa3 35. Rc5 Rxc5 36. bxc5 Rc3 37. Ra7 b4 38. Kd2 Rxc5 39. Rxa6 Rc3 40. Rxe6 Rf3 41. Kxc2 Rf2+ 42. Re2 Rf3 43. Nd3 b3+ 44. Kc3 1-0


[Site "https://www.chess.com"]

[Event "Titled Tuesday Blitz June 21 Late 2022"]
[White "Suleymanli, Aydin"]
[Black "Ibarra Jerez, Jose Carlos"]
[WhiteFideId "13413937"]
[BlackFideId "2226332"]
[WhiteElo "2481"]
[BlackElo "2628"]
[Result "1-0"]
[Round "04"]
[TimeControl "180+1"]
[Date "2022.06.21"]
[WhiteClock "0:00:16"]
[BlackClock "0:00:02"]

1. e4 c5 2. Nf3 e6 3. b3 b6 4. Bb2 Bb7 5. e5 Ne7 6. Nc3 Ng6 7. h4 Nc6 8. Ne2 Qc7 9. h5 Ngxe5 10. Nxe5 Nxe5 11. h6 f6 12. hxg7 Bxg7 13. d4 Ng6 14. Qd3 f5 15. O-O-O O-O-O 16. Kb1 Kb8 17. f3 d5 18. Qe3 Rde8 19. f4 h5 20. dxc5 Bxb2 21. cxb6 Qg7 22. bxa7+ Ka8 23. Nd4 Ba3 24. c3 Bc5 25. Nxe6 Rxe6 26. Qxe6 Qxc3 27. Rc1 Qd4 28. Ba6 Kxa7 29. Bxb7 Kxb7 30. Rhd1 Nxf4 31. Qd7+ Kb6 32. Rxd4 Bxd4 33. Rc6+ Ka5 34. Qb7 Rh6 35. Rxh6 1-0


[Site "https://www.chess.com"]

[Event "Titled Tuesday Blitz June 21 Late 2022"]
[White "Svane, Rasmus"]
[Black "Kravtsiv, Martyn"]
[WhiteFideId "4657101"]
[BlackFideId "14113147"]
[WhiteElo "2674"]
[BlackElo "2694"]
[Result "1-0"]
[Round "04"]
[TimeControl "180+1"]
[Date "2022.06.21"]
[WhiteClock "0:00:12"]
[BlackClock "0:00:07"]

1. Nf3 d5 2. g3 Nf6 3. Bg2 c5 4. O-O e6 5. c4 d4 6. e3 Nc6 7. exd4 cxd4 8. d3 Bd6 9. Bg5 h6 10. Bxf6 Qxf6 11. a3 a5 12. Nfd2 Qd8 13. Ne4 Be7 14. c5 O-O 15. Nbd2 f5 16. Nd6 Bxd6 17. cxd6 Qxd6 18. Nc4 Qc7 19. Re1 Bd7 20. Rc1 Rfc8 21. Qb3 a4 22. Qb5 Ra6 23. Qc5 Na5 24. Qb4 Nb3 25. Rcd1 b5 26. Ne5 Rd6 27. Bf3 Be8 28. Re2 Qc5 29. Qe1 Rb6 30. Bg2 Bh5 31. Bf3 Be8 32. Bg2 Rd6 33. Nf3 Qb6 34. Nd2 Bh5 35. Bf3 Nxd2 36. Bxh5 Nb3 37. Qb4 Qc5 38. Qe1 Qd5 39. Re5 Qc6 40. Qb4 Rd5 41. Bf3 Rxe5 42. Bxc6 Rxc6 43. Qe7 Rc2 44. Rf1 Kh7 45. Kg2 Rxb2 46. h4 Nd2 47. Rc1 f4 48. Rc7 1-0


[Site "https://www.chess.com"]

[Event "Titled Tuesday Blitz June 21 Late 2022"]
[White "Taboas Rodriguez, Daniel"]
[Black "Sadilek, Peter"]
[WhiteFideId "2208466"]
[BlackFideId "1616439"]
[WhiteElo "2429"]
[BlackElo "2145"]
[Result "1-0"]
[Round "04"]
[TimeControl "180+1"]
[Date "2022.06.22"]
[WhiteClock "0:02:07"]
[BlackClock "0:00:46"]

1. d4 d5 2. c4 dxc4 3. e3 Nf6 4. Bxc4 e6 5. Nf3 c5 6. O-O a6 7. b3 Nbd7 8. Bb2 b5 9. Be2 Bb7 10. a4 b4 11. Nbd2 Be7 12. Nc4 O-O 13. Nfe5 Nxe5 14. Nxe5 cxd4 15. Qxd4 Qxd4 16. Bxd4 Bd5 17. Bc4 Rfc8 18. Rac1 Bd6 19. Bxd5 Nxd5 20. Nc4 Be7 21. Rfd1 Rab8 22. Kf1 f6 23. e4 Nf4 24. Be3 Ng6 25. Rd7 Bc5 26. Bxc5 Rxc5 27. Rcd1 Ne5 28. Nxe5 fxe5 29. Re7 Rf8 30. Rdd7 Rc1+ 31. Ke2 Rc2+ 32. Kd3 Rc3+ 33. Ke2 Rc2+ 34. Kd1 Rfc8 35. Rxg7+ Kf8 36. Rxh7 Rc1+ 37. Ke2 R8c2+ 38. Kf3 Rc3+ 39. Kg4 1-0


[Site "https://www.chess.com"]

[Event "Titled Tuesday Blitz June 21 Late 2022"]
[White "Tanenbaum, Zachary"]
[Black "Florescu, Codrut-Constantin"]
[WhiteFideId "2060850"]
[BlackFideId "1202200"]
[WhiteElo "2175"]
[BlackElo "2191"]
[Result "1/2-1/2"]
[Round "04"]
[TimeControl "180+1"]
[Date "2022.06.21"]
[WhiteClock "0:00:17"]
[BlackClock "0:00:57"]

1. e4 c5 2. Nf3 e6 3. d4 cxd4 4. Nxd4 a6 5. Bd3 Nf6 6. O-O Qc7 7. Nc3 Bd6 8. h3 Nc6 9. Be3 Bh2+ 10. Kh1 Bf4 11. Qd2 Bxe3 12. Qxe3 Qb6 13. Nd5 Nxd5 14. exd5 Qxd4 15. dxc6 Qxe3 16. cxd7+ Bxd7 17. fxe3 Bc6 18. Rad1 Ke7 19. Be2 Rad8 20. Bf3 f5 21. Bxc6 bxc6 22. Kg1 g6 23. Kf2 e5 24. Ke2 Ke6 25. Rd3 e4 26. Ra3 Ra8 27. Rd1 Rhb8 28. b3 a5 29. Rd4 Rb5 30. Rda4 Rd5 31. Rc4 c5 32. Rca4 Rad8 33. Rxa5 Rd2+ 34. Kf1 Rxc2 35. Ke1 Rdd2 36. Rxc5 Re2+ 37. Kd1 Rcd2+ 38. Kc1 Rxa2 39. Rxa2 Rxa2 40. Rc2 Ra1+ 41. Kb2 Re1 42. Rc3 Kd5 43. b4 Re2+ 44. Kb3 Rxg2 45. b5 Rg1 46. Kb2 Rg2+ 47. Kb3 Rg1 48. Kb2 Rg2+ 49. Kb3 1/2-1/2


[Site "https://www.chess.com"]

[Event "Titled Tuesday Blitz June 21 Late 2022"]
[White "Terry, Renato"]
[Black "Khismatullin, Denis"]
[WhiteFideId "3803457"]
[BlackFideId "4142578"]
[WhiteElo "2577"]
[BlackElo "2543"]
[Result "1/2-1/2"]
[Round "04"]
[TimeControl "180+1"]
[Date "2022.06.21"]
[WhiteClock "0:00:04"]
[BlackClock "0:00:14"]

1. d4 Nf6 2. Bg5 e6 3. e4 h6 4. Bxf6 Qxf6 5. c3 d6 6. Bd3 e5 7. Ne2 g6 8. O-O Bg7 9. f4 Qe7 10. Nd2 O-O 11. Nf3 Nd7 12. Qd2 b6 13. Rae1 Bb7 14. h3 Rae8 15. Ng3 a6 16. Kh2 b5 17. b3 Qd8 18. fxe5 dxe5 19. d5 Qe7 20. c4 b4 21. a3 a5 22. axb4 axb4 23. Rc1 c5 24. Ra1 Ra8 25. Qe3 Qd6 26. Bc2 Rfe8 27. Nh4 Rxa1 28. Rxa1 Ra8 29. Rxa8+ Bxa8 30. Qc1 h5 31. Nf3 Bb7 32. Ne2 f6 33. Kh1 Kh7 34. Qa1 Bh6 35. Qa5 Qb6 36. Qa4 Bc8 37. Ng3 Bf4 38. Ne2 Be3 39. Ng3 Qc7 40. Nf1 Bf4 41. Qa8 Nb6 42. Qa1 Bd7 43. Ne1 Nc8 44. Nd3 Bh6 45. Qa6 Nd6 46. Nb2 Bc8 47. Qa8 f5 48. exf5 gxf5 49. Na4 e4 50. Qc6 Qxc6 51. dxc6 e3 52. Ng3 Kg6 53. Nxc5 h4 54. Ne2 Kf6 55. Nd3 Bf8 56. Nxb4 Ke5 57. Nd5 Be6 58. Nxe3 Ne4 59. Ng1 Ng3+ 60. Kh2 Bc5 61. Nf3+ Kd6 62. Nd5 Nf1+ 63. Kh1 Ng3+ 64. Kh2 Nf1+ 65. Kh1 Ng3+ 66. Kh2 1/2-1/2


[Site "https://www.chess.com"]

[Event "Titled Tuesday Blitz June 21 Late 2022"]
[White "Tica, Sven"]
[Black "Vivas Zamora, Fabian Ernesto"]
[WhiteFideId "14526948"]
[BlackFideId "3902480"]
[WhiteElo "2346"]
[BlackElo "2014"]
[Result "0-1"]
[Round "04"]
[TimeControl "180+1"]
[Date "2022.06.22"]
[WhiteClock "0:02:11"]
[BlackClock "0:00:47"]

1. d4 Nf6 2. Bg5 e6 3. e4 h6 4. Bxf6 Qxf6 5. c3 d5 6. e5 Qd8 7. Bd3 c5 8. Ne2 Bd7 9. O-O Qb6 10. Qd2 Bb5 11. Bxb5+ Qxb5 12. Na3 Qa6 13. f4 g6 14. Nc2 Nc6 15. Ne3 cxd4 16. cxd4 Bb4 17. Qd1 O-O 18. Ng4 Kg7 19. Nf6 Rac8 20. f5 exf5 21. Ng3 Nxd4 22. Kh1 Nc2 23. Rxf5 Nxa1 24. Ngh5+ Kh8 25. h4 Qc4 0-1


[Site "https://www.chess.com"]

[Event "Titled Tuesday Blitz June 21 Late 2022"]
[White "Tologon tegin, Semetei"]
[Black "Garriga Cazorla, Pere"]
[WhiteFideId "13800574"]
[BlackFideId "32011601"]
[WhiteElo "2174"]
[BlackElo "2433"]
[Result "0-1"]
[Round "04"]
[TimeControl "180+1"]
[Date "2022.06.21"]
[WhiteClock "0:00:09"]
[BlackClock "0:01:54"]

1. e4 c5 2. Nc3 Nc6 3. Bb5 Nd4 4. Nf3 a6 5. Bd3 Nc6 6. a4 e6 7. O-O g5 8. b3 Bg7 9. Bb2 g4 10. Ne1 h5 11. f4 d5 12. e5 Nge7 13. Ne2 c4 14. bxc4 Qb6+ 15. Kh1 Qxb2 16. Rb1 Qa3 17. Nc3 Qc5 18. cxd5 exd5 19. f5 Bxe5 20. f6 Ng8 21. Qe2 Kf8 22. Bf5 Nxf6 23. Nd3 Qd6 24. Bxc8 Rxc8 25. Rxb7 Rc7 26. Rxc7 Qxc7 27. Nxe5 Qxe5 28. Qxe5 Nxe5 29. Rxf6 Kg7 30. Rf5 Re8 31. h3 Kg6 32. hxg4 hxg4 33. Rf4 Kg5 34. Rd4 g3 35. Rxd5 f5 36. Kg1 Ng4 0-1


[Site "https://www.chess.com"]

[Event "Titled Tuesday Blitz June 21 Late 2022"]
[White "Toncheva, Nadya"]
[Black "Shapiro, Daniel"]
[WhiteFideId "2924056"]
[BlackFideId "2001780"]
[WhiteElo "1888"]
[BlackElo "2270"]
[Result "0-1"]
[Round "04"]
[TimeControl "180+1"]
[Date "2022.06.22"]
[WhiteClock "0:00:03"]
[BlackClock "0:00:25"]

1. e4 c5 2. Nf3 e6 3. d4 cxd4 4. Nxd4 a6 5. c4 Nf6 6. Nc3 Qc7 7. Be2 d6 8. Be3 b6 9. O-O Bb7 10. f3 Nbd7 11. Qd2 Be7 12. b4 Rc8 13. Rac1 Qb8 14. Nb3 Bd8 15. Rfd1 Bc7 16. Bf4 Ne5 17. Bxe5 dxe5 18. Qe3 O-O 19. Na4 Ba8 20. c5 b5 21. Nc3 Bc6 22. Rc2 Rfd8 23. Rcd2 Rxd2 24. Rxd2 Rd8 25. Nc1 Rd4 26. a4 Rxb4 27. axb5 axb5 28. Nd3 Rd4 29. Rb2 b4 30. Na2 Ba5 31. Ndc1 Ba4 32. Nb3 Bxb3 33. Rxb3 Qc7 34. Qc1 Nd7 35. c6 Nb8 36. Bb5 Qd6 37. Bd3 Bb6 38. c7 Rxd3+ 39. Kf1 Rd1+ 40. Ke2 Rxc1 41. cxb8=Q+ Qxb8 42. Nxc1 Bd4 43. Nd3 Bc3 44. Nc5 Qb5+ 45. Nd3 Qc4 46. Rb1 b3 47. Rc1 b2 48. Rb1 Qa2 49. Rd1 b1=Q+ 50. Ke3 Qxd1 0-1


[Site "https://www.chess.com"]

[Event "Titled Tuesday Blitz June 21 Late 2022"]
[White "Tsvetkov, Andrey"]
[Black "Martinez Alcantara, Jose Eduardo"]
[WhiteFideId "34139360"]
[BlackFideId "3805662"]
[WhiteElo "2280"]
[BlackElo "2703"]
[Result "1-0"]
[Round "04"]
[TimeControl "180+1"]
[Date "2022.06.21"]
[WhiteClock "0:00:32"]
[BlackClock "0:01:53"]

1. d4 Nf6 2. c4 e6 3. Nc3 Bb4 4. f3 d5 5. a3 Bxc3+ 6. bxc3 c5 7. cxd5 exd5 8. e3 c4 9. Ne2 O-O 10. g4 Nc6 11. Bg2 Na5 12. O-O Nb3 13. Ra2 b5 14. g5 Ne8 15. e4 Bb7 16. Bf4 Nd6 17. Ng3 Re8 18. e5 Nc8 19. Be3 a5 20. f4 Nd6 21. f5 Ra6 22. f6 g6 23. Qg4 Ne4 24. Qh4 Kh8 25. Bxe4 dxe4 26. Qh6 Rg8 27. Rf4 Qf8 28. Qxh7+ Kxh7 29. Rh4+ Qh6 30. Rxh6# 1-0


[Site "https://www.chess.com"]

[Event "Titled Tuesday Blitz June 21 Late 2022"]
[White "Tymrakiewicz, Rafal"]
[Black "Bilych, Olexiy"]
[WhiteFideId "1108832"]
[BlackFideId "14156504"]
[WhiteElo "2205"]
[BlackElo "2189"]
[Result "0-1"]
[Round "04"]
[TimeControl "180+1"]
[Date "2022.06.22"]
[WhiteClock "0:00:03"]
[BlackClock "0:00:22"]

1. d4 Nf6 2. Bg5 Ne4 3. Bf4 d5 4. e3 Nc6 5. Bd3 Bf5 6. f3 Nd6 7. Bxd6 Bxd3 8. Bxc7 Bxc2 9. Bxd8 Bxd1 10. Kxd1 Rxd8 11. Nc3 e6 12. Nge2 Be7 13. Nf4 O-O 14. Nd3 Rc8 15. Kd2 Na5 16. b3 a6 17. Rac1 Ba3 18. Rc2 Rc7 19. Nb1 Rxc2+ 20. Kxc2 Rc8+ 21. Kd2 Bd6 22. f4 Nc6 23. Rc1 Kf8 24. Nc5 Bxc5 25. Rxc5 Ke7 26. Rc1 Kd7 27. Nc3 Ne7 28. Na4 Rxc1 29. Kxc1 Nf5 30. Kd2 Nd6 31. Kd3 Kc6 32. Nc3 b6 33. a4 a5 34. g4 g6 35. g5 b5 36. axb5+ Nxb5 37. Na4 Nd6 38. Nc5 Kb5 39. Nd7 Kb4 40. Nc5 Ne4 41. Nxe4 dxe4+ 42. Kc2 Ka3 43. Kc3 Ka2 44. b4 axb4+ 45. Kxb4 Kb2 46. Kc4 Kc2 47. d5 exd5+ 0-1


[Site "https://www.chess.com"]

[Event "Titled Tuesday Blitz June 21 Late 2022"]
[White "Vasquez Schroeder, Rodrigo"]
[Black "Svane, Frederik"]
[WhiteFideId "3400042"]
[BlackFideId "12923044"]
[WhiteElo "2567"]
[BlackElo "2459"]
[Result "1-0"]
[Round "04"]
[TimeControl "180+1"]
[Date "2022.06.21"]
[WhiteClock "0:01:19"]
[BlackClock "0:00:01"]

1. d4 Nf6 2. c4 e6 3. Nf3 d5 4. Nc3 a6 5. cxd5 exd5 6. Bg5 Be6 7. e3 Nbd7 8. Bd3 c6 9. O-O Bd6 10. a3 O-O 11. Qc2 h6 12. Bh4 Bg4 13. Nd2 Qe7 14. Bg3 Rfe8 15. Rfe1 Bxg3 16. hxg3 Qd6 17. b4 b5 18. Nb3 Nb6 19. Nc5 g5 20. a4 Kg7 21. Bf5 Nc4 22. Bd3 h5 23. Bxc4 bxc4 24. e4 dxe4 25. N3xe4 Nxe4 26. Nxe4 Qg6 27. f3 Bf5 28. Re3 Rad8 29. Rae1 Bxe4 30. Rxe4 Rxe4 31. Rxe4 Re8 32. Kf2 Qf5 33. Re2 Rxe2+ 34. Qxe2 Qd5 35. Qe5+ Qxe5 36. dxe5 Kg6 37. Ke3 Kf5 38. Kd4 c3 39. Kxc3 Kxe5 40. Kc4 Kd6 41. Kd4 f6 42. Ke4 Ke6 43. f4 gxf4 44. gxf4 f5+ 45. Kd4 Kd6 46. g3 Kd7 47. Ke5 a5 48. bxa5 1-0


[Site "https://www.chess.com"]

[Event "Titled Tuesday Blitz June 21 Late 2022"]
[White "Veiga, Jose Francisco R P Neves"]
[Black "Suder, Jakub"]
[WhiteFideId "1930087"]
[BlackFideId "1195310"]
[WhiteElo "2326"]
[BlackElo "2058"]
[Result "1-0"]
[Round "04"]
[TimeControl "180+1"]
[Date "2022.06.22"]
[WhiteClock "0:00:13"]
[BlackClock "0:01:48"]

1. e4 c5 2. Nf3 Nc6 3. Bb5 Nf6 4. Nc3 Qc7 5. O-O Nd4 6. Bd3 Ng4 7. g3 Nxf3+ 8. Qxf3 Ne5 9. Qe3 Nxd3 10. Qxd3 e6 11. Qe2 a6 12. d3 b5 13. Bf4 d6 14. Rad1 Bb7 15. a4 Bc6 16. axb5 axb5 17. Ra1 Rxa1 18. Rxa1 Be7 19. d4 b4 20. Nb5 Qb8 21. Na7 Qb7 22. Nxc6 Qxc6 23. d5 Qb7 24. Qa6 Qxa6 25. Rxa6 e5 26. Ra8+ Bd8 27. Bg5 f6 28. Be3 Kd7 29. Kf1 Re8 30. Ke2 g6 31. f3 f5 32. Kd3 Bc7 33. Rxe8 Kxe8 34. Kc4 Kd7 35. Kb5 Bd8 36. Bd2 Be7 37. c3 bxc3 38. Bxc3 Bg5 39. g4 fxe4 40. fxe4 h5 41. h3 Be3 42. b4 Bd4 43. Bd2 Ke7 44. bxc5 Bxc5 45. Bg5+ Kd7 46. Bd2 Kc7 47. Ba5+ Kb7 48. Bd8 Kc8 49. Bg5 Kd7 50. Ka6 hxg4 51. hxg4 Bb4 52. Kb7 Bc3 53. Be3 Bd4 54. Bd2 Ke7 55. Kc6 Bc5 56. Bg5+ Ke8 57. Kc7 Bb4 58. Be3 Ke7 59. Kc8 Ba5 60. Bg5+ Ke8 61. Bf6 Bb6 62. Kb7 Bc5 63. Kc6 Kf7 64. Bg5 Ba3 65. Bd8 Ke8 66. Bf6 Kf7 67. Bg5 Bb4 68. Kd7 Bc5 69. Be7 Bd4 70. Bxd6 Kf6 71. Bc7 Kg5 72. d6 Kxg4 73. Ke6 Be3 74. d7 Bg5 75. Bxe5 Kf3 76. Bf6 1-0


[Site "https://www.chess.com"]

[Event "Titled Tuesday Blitz June 21 Late 2022"]
[White "Vifleemskaia, Svetlana"]
[Black "Mortazavi, Ali"]
[WhiteFideId "4129490"]
[BlackFideId "401323"]
[WhiteElo "1929"]
[BlackElo "2339"]
[Result "0-1"]
[Round "04"]
[TimeControl "180+1"]
[Date "2022.06.22"]
[WhiteClock "0:00:03"]
[BlackClock "0:01:00"]

1. d4 Nf6 2. c4 g6 3. Nc3 Bg7 4. e4 O-O 5. Nge2 d6 6. Ng3 c6 7. Be2 a6 8. a4 a5 9. O-O e5 10. d5 Na6 11. Be3 h5 12. Qd2 h4 13. Nh1 cxd5 14. exd5 h3 15. g3 Nc5 16. Ra3 Nfe4 17. Nxe4 Nxe4 18. Qc1 f5 19. f3 Nc5 20. Bg5 Qb6 21. Nf2 Nb3 22. Qe3 Nd4 23. Rb1 f4 24. gxf4 exf4 25. Qd2 Rf5 26. c5 Rxg5+ 27. Kh1 dxc5 28. Ne4 Rg2 29. Re1 Bf5 0-1


[Site "https://www.chess.com"]

[Event "Titled Tuesday Blitz June 21 Late 2022"]
[White "Volkov, Maksim"]
[Black "Silvestre, Christian"]
[WhiteFideId "54123070"]
[BlackFideId "30956269"]
[WhiteElo "2155"]
[BlackElo "2420"]
[Result "0-1"]
[Round "04"]
[TimeControl "180+1"]
[Date "2022.06.22"]
[WhiteClock "0:00:01"]
[BlackClock "0:00:03"]

1. d4 Nf6 2. c4 e5 3. dxe5 Ng4 4. e3 Nxe5 5. Nh3 g6 6. Nf4 Bg7 7. Nc3 O-O 8. Be2 b6 9. O-O Bb7 10. Qc2 d6 11. b3 Nbc6 12. a3 a5 13. Bb2 Re8 14. Rad1 Qc8 15. Nfd5 Ne7 16. Nb5 Nxd5 17. cxd5 Re7 18. h3 Ba6 19. Rc1 Bxb5 20. Bxb5 f5 21. f4 Nf7 22. Bxg7 Kxg7 23. Rfe1 Qd8 24. e4 fxe4 25. Rxe4 Rxe4 26. Qxe4 Rb8 27. Qd4+ Kg8 28. Re1 Qh4 29. Qf2 Qf6 30. g3 Nh6 31. Re6 Qa1+ 32. Kg2 Qxa3 33. Qe2 Qc5 34. Re8+ Rxe8 35. Qxe8+ Kg7 36. Bc4 Nf7 37. Qe2 Qd4 38. h4 h5 39. Kh3 Qf6 40. Qe6 Qf5+ 41. Kg2 Qc2+ 42. Kh3 Qf5+ 43. Kg2 Qf6 44. Kh3 Nh6 45. Qd7+ Qf7 46. Qe6 Qxe6+ 47. dxe6 Kf6 48. Bd3 Nf5 49. g4 hxg4+ 50. Kxg4 Kxe6 51. Bxf5+ gxf5+ 52. Kg5 Kf7 53. Kxf5 b5 54. Ke4 a4 55. bxa4 bxa4 56. Kd3 c5 57. Kc3 d5 58. Kb2 d4 59. h5 c4 60. h6 c3+ 61. Kc2 a3 62. f5 d3+ 0-1


[Site "https://www.chess.com"]

[Event "Titled Tuesday Blitz June 21 Late 2022"]
[White "Vrbljanac, Aleksandar"]
[Black "Do Valle Cardoso, Lucas"]
[WhiteFideId "932817"]
[BlackFideId "2163144"]
[WhiteElo "2309"]
[BlackElo "2277"]
[Result "0-1"]
[Round "04"]
[TimeControl "180+1"]
[Date "2022.06.22"]
[WhiteClock "0:01:48"]
[BlackClock "0:01:00"]

1. e4 e5 2. Nf3 Nc6 3. Bc4 Nf6 4. d4 exd4 5. O-O Nxe4 6. Re1 d5 7. Bxd5 Qxd5 8. Nc3 Qh5 9. Nxe4 Be6 10. Bg5 Bd6 11. Bf6 O-O 12. Bxd4 Nxd4 13. Nxd4 Qxh2+ 14. Kf1 Bc4+ 15. Ne2 Qh1# 0-1


[Site "https://www.chess.com"]

[Event "Titled Tuesday Blitz June 21 Late 2022"]
[White "Vu, Bui Thi Thanh Van"]
[Black "Lopez Gracia, Fernando"]
[WhiteFideId "12408921"]
[BlackFideId "2207184"]
[WhiteElo "1602"]
[BlackElo "2470"]
[Result "0-1"]
[Round "04"]
[TimeControl "180+1"]
[Date "2022.06.22"]
[WhiteClock "0:00:01"]
[BlackClock "0:00:11"]

1. e4 e5 2. Nf3 Nc6 3. Bb5 a6 4. Ba4 Nf6 5. O-O Bc5 6. c3 b5 7. Bc2 d6 8. d4 Ba7 9. h3 Bb7 10. Bg5 h6 11. Bh4 g5 12. Bg3 Qe7 13. Qd3 exd4 14. cxd4 Nb4 15. Qb3 Nxc2 16. Qxc2 Bxe4 17. Qc3 O-O 18. Nbd2 Bb7 19. Rac1 c5 20. dxc5 dxc5 21. Rfe1 Qd8 22. Be5 Nd5 23. Qd3 Nb4 24. Qf5 Bc8 25. Qe4 Be6 26. Red1 Qd5 27. Qe3 c4 28. Qe4 Nxa2 29. Ra1 Nb4 30. Bc3 Nd3 31. Rf1 b4 32. Bf6 Qxe4 33. Nxe4 Bd5 34. Nd6 Bxf3 35. gxf3 Kh7 36. Nxc4 Kg6 37. Be7 Rfe8 38. Bd6 Rac8 39. b3 Rc6 40. Bg3 f6 41. Rfd1 Nf4 42. Bxf4 gxf4 43. Rd2 Rce6 44. Kf1 Rc6 45. Ra5 Rb8 46. Rad5 Rxc4 47. bxc4 b3 48. Rb2 a5 49. Rxa5 Bd4 50. Rb1 Rb4 51. Rb5 Rxc4 52. R5xb3 Rc2 53. Rb4 Rxf2+ 54. Kg1 Rd2+ 55. Kh1 Be3 56. R4b2 Rd3 57. Rg2+ Kf5 58. Rb5+ Ke6 59. Kh2 Rd1 60. h4 Rf1 61. Rh5 Rxf3 62. Rxh6 Rf1 63. Rgg6 Bd4 64. Rg8 f3 65. Re8+ Kf5 66. Rh5+ Kg4 67. Rb5 Be5+ 68. Rexe5 Rf2+ 0-1


[Site "https://www.chess.com"]

[Event "Titled Tuesday Blitz June 21 Late 2022"]
[White "Vujic, Mihailo"]
[Black "Wang, Isaac"]
[WhiteFideId "918873"]
[BlackFideId "30977185"]
[WhiteElo "2256"]
[BlackElo "2307"]
[Result "1-0"]
[Round "04"]
[TimeControl "180+1"]
[Date "2022.06.22"]
[WhiteClock "0:00:14"]
[BlackClock "0:00:03"]

1. e4 c5 2. Nf3 Nc6 3. c3 Nf6 4. e5 Nd5 5. d4 cxd4 6. Bc4 Nb6 7. Bb3 d6 8. exd6 Qxd6 9. Na3 a6 10. O-O e6 11. Nxd4 Nxd4 12. cxd4 Be7 13. Qf3 O-O 14. Bf4 Qd7 15. Rad1 Nd5 16. Bxd5 exd5 17. Qg3 Kh8 18. Rfe1 Bf6 19. Be5 Qf5 20. Bxf6 Qxf6 21. Re5 Be6 22. Rde1 Rac8 23. h3 h6 24. Kh2 b5 25. R1e3 b4 26. Rf3 Qe7 27. Nb1 Rc2 28. Qf4 Rxb2 29. Nd2 a5 30. Rh5 Kh7 31. Rg3 Qf6 32. Qe3 a4 33. Nf3 b3 34. axb3 axb3 35. Qd3+ g6 36. Rh4 Kg7 37. Qe3 Rh8 38. Rf4 Bf5 39. Nh4 Kh7 40. Nxf5 gxf5 41. Qf3 Rc2 42. Rxf5 1-0


[Site "https://www.chess.com"]